 Dungeon Crawl Stone Soup version 0.28.0-47-ge53b351184 (webtiles) character file.

Game seed: 7024281752558569276

80859 Bruhh the Thaumaturge (level 15, -15/124 HPs)
             Began as a Gnoll Summoner on May 1, 2022.
             Was an Elder of Ashenzari.
             Shot with an arrow by a deep elf archer (20 damage)
             ... on level 1 of the Elven Halls on May 2, 2022.
             The game lasted 02:19:03 (30449 turns).

Bruhh the Thaumaturge (Gnoll Summoner)             Turns: 30449, Time: 02:19:04

Health: -15/124    AC: 17    Str: 10      XL:     15   Next: 68%
Magic:  0/38       EV: 18    Int: 22 (27) God:    Ashenzari [****..]
Gold:   369        SH:  5    Dex: 17 (18) Spells: 5/42 levels left

rFire   . . .      SeeInvis +   M - +5 lajatang "Profound Repose" {venom, Comp, Self} (curse)
rCold   + . .      Faith    .   (shield currently unavailable)
rNeg    . . .      Spirit   +   e - +4 moon troll leather armour {Spirit, Regen++ MP+5}
rPois   .          Reflect  +   n - +0 helmet of the Celestial God {Comp, Bglg} (curse)
rElec   .          Harm     .   i - +1 cloak of Apeoromancy {Stlth+, Comp, Evo} (curse)
rCorr   .          Rampage  .   (no gloves)
Will    +....      Clarity  +   F - +2 pair of boots of the Bound Oracle {Alch, Comp} (curse)
Stlth   ++++++....              L - amulet "Manifest Bitterness" {Reflect Int+6 SH+5, Comp, Melee} (curse)
HPRegen 1.90/turn               b - ring of the All-seeing God {Dex+6, Self, Evo} (curse)
MPRegen 0.26/turn               T - ring of Gayhaen {rC+ Int+3}

@: no status effects
A: fangs 1, strong nose, distributed training, deterioration 1, dopey 1
a: Renounce Religion, Curse Item, Shatter the Chains


You were on level 1 of the Elven Halls.
You worshipped Ashenzari.
Ashenzari was greatly pleased with you.
You visited 5 branches of the dungeon, and saw 21 of its levels.

You collected 1869 gold pieces.
You spent 1500 gold pieces at shops.

Inventory:

Hand Weapons
 o - a +0 vampiric dagger
 M - the cursed +5 lajatang "Profound Repose" (weapon) {venom, Comp, Self}
   (You found it on level 6 of the Lair of Beasts)

   It poisons the flesh of those it strikes.
   It has a curse which improves the following skills: Companions: Summonings
   and Necromancy.
   Introspection: Fighting and Spellcasting.
Missiles
 u - 10 curare-tipped darts
Armour
 e - the +4 moon troll leather armour (worn) {Spirit, Regen++ MP+5}
   (You found it on level 6 of the Lair of Beasts)

   MP:        It affects your magic capacity (+5).
   Regen:     It increases your rate of health regeneration.
 i - the cursed +1 cloak of Apeoromancy (worn) {Stlth+, Comp, Evo}
   (You found it on level 2 of the Dungeon)

   It has a curse which improves the following skills: Companions: Summonings
   and Necromancy.
   Evocations: Evocations.
 n - the cursed +0 helmet of the Celestial God (worn) {Comp, Bglg}
   (You found it on level 6 of the Dungeon)

   It has a curse which improves the following skills: Companions: Summonings
   and Necromancy.
   Beguiling: Conjurations, Hexes and Translocations.
 y - a +0 buckler
 F - the cursed +2 pair of boots of the Bound Oracle (worn) {Alch, Comp}
   (You found it on level 1 of the Lair of Beasts)

   It has a curse which improves the following skills: Alchemy: Poison Magic and
   Transmutations.
   Companions: Summonings and Necromancy.
Jewellery
 a - the amulet "Faahi" {Faith +Blink MP-9 Int+5 Dex+4}
   (You found it on level 6 of the Lair of Beasts)

   [amulet of faith]

   It allows you to gain divine favour quickly.
   Int:       It affects your intelligence (+5).
   Dex:       It affects your dexterity (+4).
   MP:        It affects your magic capacity (-9).
   +Blink:    It lets you blink.
 b - the cursed ring of the All-seeing God (left hand) {Dex+6, Self, Evo}
   (You found it on level 1 of the Dungeon)

   [ring of dexterity]

   Dex:       It affects your dexterity (+6).
   It has a curse which improves the following skills: Introspection: Fighting
   and Spellcasting.
   Evocations: Evocations.
 h - a +4 ring of protection
 p - a ring of poison resistance
 v - a ring of protection from cold
 A - a ring of magical power
 L - the cursed amulet "Manifest Bitterness" (around neck) {Reflect Int+6 SH+5, Comp, Melee}
   (You found it on level 3 of the Lair of Beasts)

   [amulet of reflection]

   It reflects blocked missile attacks.
   Int:       It affects your intelligence (+6).
   SH:        It affects your SH (+5).
   It has a curse which improves the following skills: Companions: Summonings
   and Necromancy.
   Melee Combat: Short Blades, Long Blades, Axes, Maces & Flails, Polearms,
   Staves and Unarmed Combat.
 S - the ring of Salvation {*Corrode rElec rPois rF+ Dex+7}
   (You found it on level 4 of the Lair of Beasts)

   [ring of poison resistance]

   Dex:       It affects your dexterity (+7).
   rF:        It protects you from fire.
   rElec:     It insulates you from electricity.
   rPois:     It protects you from poison.
   *Corrode:  It may corrode you when you take damage.
 T - the ring of Gayhaen (right hand) {rC+ Int+3}
   (You found it on level 4 of the Lair of Beasts)

   [ring of protection from cold]

   Int:       It affects your intelligence (+3).
   rC:        It protects you from cold.
Wands
 g - a wand of polymorph (11)
 l - a wand of flame (29)
 D - a wand of acid (4)
 K - a wand of digging (8)
 N - a wand of iceblast (7)
 O - a wand of mindburst (6)
 Y - a wand of paralysis (4)
Scrolls
 c - 4 scrolls of fear
 f - 4 scrolls of torment
 j - 4 scrolls of silence
 k - a scroll of blinking
 s - a scroll of holy word
 t - 4 scrolls of vulnerability
 x - 2 scrolls of immolation
 B - a scroll of fog
 C - a scroll of brand weapon
 Q - a scroll of enchant armour
 V - a scroll of enchant weapon
 X - a scroll of teleportation
Potions
 d - 3 potions of lignification
 m - 2 potions of attraction
 q - a potion of berserk rage
 r - a potion of flight
 z - a potion of resistance
 E - 2 potions of invisibility
 G - 3 potions of brilliance
 H - a potion of cancellation
 I - 2 potions of heal wounds
 P - a potion of might
 R - a potion of curing
 U - 2 potions of magic
 Z - a potion of haste
Miscellaneous
 J - a tin of tremorstones (2/2)


   Skills:
 + Level 10.3(13.2) Fighting
 + Level 10.3(12.2) Short Blades
 + Level 10.3(12.2) Long Blades
 + Level 10.3(12.2) Axes
 + Level 10.3(12.2) Maces & Flails
 + Level 10.3(12.2) Polearms
 + Level 10.3(12.2) Staves
 + Level 10.3 Slings
 + Level 10.3 Bows
 + Level 10.3 Crossbows
 + Level 10.3 Throwing
 + Level 10.3 Armour
 + Level 11.2 Dodging
 + Level 11.1 Stealth
 + Level 10.3 Shields
 + Level 10.3(12.2) Unarmed Combat
 + Level 11.4(14.3) Spellcasting
 + Level 8.6(10.6) Conjurations
 + Level 8.6(10.6) Hexes
 + Level 11.2(16.7) Summonings
 + Level 8.6(14.1) Necromancy
 + Level 8.6(10.6) Translocations
 + Level 8.6(10.6) Transmutations
 + Level 8.6 Fire Magic
 + Level 8.6 Ice Magic
 + Level 8.6 Air Magic
 + Level 8.6 Earth Magic
 + Level 8.6(10.6) Poison Magic
 + Level 11.2 Invocations
 + Level 10.3(13.2) Evocations


You had 5 spell levels left.
You knew the following spells:

 Your Spells              Type           Power      Damage    Failure   Level
a - Summon Small Mammal   Summ           100%       N/A       0%          1
b - Call Imp              Summ           73%        N/A       0%          2
c - Statue Form           Tmut/Erth      36%        N/A       14%         6
d - Summon Guardian Gole  Hex/Summ       66%        N/A       1%          3
e - Summon Mana Viper     Hex/Summ       66%        N/A       1%          5
f - Summon Lightning Spi  Summ/Air       64%        N/A       1%          4
h - Freezing Cloud        Conj/Ice/Air   27%        6-21      3%          5
i - Irradiate             Conj/Tmut      29%        3d23      1%          5
j - Iron Shot             Conj/Erth      27%        9d6       14%         6

Your spell library contained the following spells:

 Spells                   Type           Power      Damage    Failure   Level
 Call Canine Familiar     Summ           73%        N/A       0%          3
 Freeze                   Ice            100%       1d11      1%          1
 Sublimation of Blood     Necr           67%        N/A       1%          2
 Conjure Flame            Conj/Fire      55%        6-21      1%          3
 Dazzling Flash           Conj/Hex       100%       N/A       1%          3
 Frozen Ramparts          Ice            100%       1d12      1%          3
 Gell's Gravitas          Tloc           58%        N/A       1%          3
 Ignite Poison            Fire/Tmut/Pois 56%        N/A       1%          3
 Mephitic Cloud           Conj/Pois/Air  56%        N/A       1%          3
 Teleport Other           Tloc           58%        N/A       1%          3
 Animate Armour           Summ/Erth      100%       N/A       1%          4
 Animate Dead             Necr           33%        N/A       1%          4
 Hailstorm                Conj/Ice       55%        3d12      1%          4
 Petrify                  Tmut/Erth      55%        N/A       1%          4
 Sticky Flame             Conj/Fire      55%        2d7       1%          4
 Blade Hands              Tmut           29%        N/A       1%          5
 Metabolic Englaciation   Hex/Ice        27%        N/A       2%          5
 Death Channel            Necr           33%        N/A       2%          6
 Dispersal                Tloc           29%        N/A       10%         6


Dungeon Overview and Level Annotations

Branches:
Dungeon (11/15)            Temple (1/1) D:4            Lair (6/6) D:8
 Shoals (0/4) Lair:3       Spider (0/4) Lair:2        Slime (0/5) Lair:6
    Orc (2/2) D:10            Elf (1/3) Orc:2

Altars:
Ashenzari
Cheibriados
Dithmenos
Elyvilon
Fedhas
Gozag
Hepliaklqana
Kikubaaqudgha
Makhleb
Nemelex Xobeh
Okawaru
Qazlal
Ru
Sif Muna
Trog
Uskayaw
Vehumet
Wu Jian
Xom
Yredelemnul
Zin
The Shining One
Beogh
Jiyva

Shops:
D:10 *   Orc:2 =[*((   Elf:1 =::

Annotations:
D:6 3 runed translucent doors, Crazy Yiuf; McKennaii's ghost, novice DgFi


Innate Abilities, Weirdness & Mutations

You have very sharp teeth.
Your uncanny sense of smell can sniff out nearby items.
Your experience applies equally to all skills.
Your body sometimes deteriorates upon taking damage.
You are dopey. (Int -2)


Message History

The deep elf knight dies!
The +2 glaive of protection hits you but does no damage.
The deep elf zephyrmancer gestures wildly while chanting.
The deep elf zephyrmancer blinks!
You kill the deep elf zephyrmancer!
Your mana viper bites the +2 glaive of protection!
Your mana viper bites the +2 glaive of protection but does no damage.
The +2 glaive of protection hits you from afar!!
* * * LOW HITPOINT WARNING * * *
Your mana viper bites the +2 glaive of protection.
Your mana viper bites the +2 glaive of protection but does no damage.
The +2 glaive of protection hits you but does no damage.
Your mana viper bites the +2 glaive of protection.
Your mana viper closely misses the +2 glaive of protection.
The +2 glaive of protection hits you from afar.
* * * LOW HITPOINT WARNING * * *
The deep elf archer hits your mana viper with a +0 short sword!
Your mana viper bites the +2 glaive of protection.
The deep elf pyromancer casts a spell at you.
The bolt of fire misses the deep elf archer.
The bolt of fire hits your mana viper!!
The bolt of fire hits the +2 glaive of protection.
The +2 glaive of protection resists.
The deep elf archer unwields a +0 short sword.
The deep elf archer wields a +0 longbow.
The deep elf archer shoots an arrow.
The arrow hits your mana viper!!
Your mana viper dies!
Your mana viper disappears in a puff of smoke!
The +2 glaive of protection hits you but does no damage.
You revert to your normal fleshy form.
The cursed +2 pair of boots of the Bound Oracle {Alch, Comp} unmelds from your body.
The +4 moon troll leather armour {Spirit, Regen++ MP+5} unmelds from your body.
You feel spirits watching over you.
The deep elf archer shoots an arrow.
The arrow hits you!!
* * * LOW HITPOINT WARNING * * *
The deep elf pyromancer mumbles some strange words.
The deep elf pyromancer blinks!
The +2 glaive of protection closely misses you.
The deep elf archer shoots an arrow.
The arrow hits you!!
You die...

* , ∆∆∆ {#####.#######.####
, +∆∆∆∆ #..#'## ####.#### ,
,+∆ {∆{#....## ####.#####
,, + ∆∆∆8#....## ####'#.###
,,
∆∆∆∆{#....###########.....#
,, {##....+.........'.....#
,, #....)###########.....#
,** #.).##'#.....###'##.###
,, * ########@.....##.#####
, ...#* ###....e..'#### *'*
.... * ##(......#### * ....
#.........## **,,.. , *
##.......## **,, , *
#.......# ** , ,.#
##..e..## , ,,, .'#*
#..§..# , * * ' *#.#*
###'###


You could see a deep elf archer (repels missiles, invisible), a deep elf
pyromancer and a +2 glaive of protection.

Vanquished Creatures
  An orc warlord (Orc:2)
  Nessos (Lair:6)
  A deep elf high priest (Elf:1)
  2 boulder beetles
  2 catoblepae (Lair:6)
  3 dancing weapons (Elf:1)
  2 death yaks (Lair:6)
  2 orc high priests (Orc:2)
  3 deep elf knights (Elf:1)
  Urug (D:10)
  Nergalle (Orc:2)
  2 deep elf archers (Elf:1)
  6 orc knights
  5 deep elf zephyrmancers (Elf:1)
  5 deep elf pyromancers (Elf:1)
  5 orc sorcerers
  A manticore (D:11)
  7 elephants
  2 black mambas
  Joseph (D:10)
  5 cane toads
  3 gargoyles
  A kobold demonologist (D:9)
  3 rime drakes
  4 komodo dragons
  6 trolls
  7 blink frogs
  A shadow (D:10)
  14 yaks
  2 wyverns
  3 wraiths
  A basilisk (Lair:6)
  2 steam dragons
  A human (D:10)
  4 wargs
  An acid dragon (D:10)
  6 water moccasins
  23 orc warriors
  4 black bears
  3 centaurs (D:9)
  5 ogres
  12 wolves
  2 kobold brigands (D:9)
  3 bullfrogs
  An earth elemental (Elf:1)
  A scorpion (D:4)
  2 killer bees
  9 orc priests
  2 gnoll shamans
  An iguana (D:5)
  20 orc wizards
  8 gnolls
  An adder (D:6)
  31 orcs
  A hobgoblin (D:4)
  6 kobolds
  3 frilled lizards (D:8)
  3 goblins
258 creatures vanquished.

Vanquished Creatures (collateral kills)
  An orc warlord (Orc:2)
  A dire elephant (Lair:6)
  Josephine (Lair:6)
  5 hydras
  4 death yaks (Lair:6)
  A deep troll shaman (Lair:6)
  3 two-headed ogres
  Sonja (Lair:5)
  A deep elf knight (Elf:1)
  An orc knight (Orc:2)
  A deep elf zephyrmancer (Elf:1)
  A manticore (D:11)
  A merfolk siren (Lair:3)
  12 elephants
  2 black mambas
  6 cane toads
  A kobold demonologist (D:10)
  3 komodo dragons
  12 rime drakes
  3 merfolk (Lair:3)
  A troll (D:10)
  15 blink frogs
  5 dream sheep (Lair:4)
  21 yaks
  2 wraiths (Lair:6)
  3 wyverns
  Sigmund (D:2)
  2 basilisks
  A nameless horror (Lair:1)
  8 steam dragons
  2 redbacks (Lair:2)
  2 wargs (Orc:2)
  An acid dragon (Lair:2)
  7 water moccasins
  5 orc warriors
  A necrophage (D:6)
  A sky beast (D:6)
  2 black bears
  11 wolves
  3 centaurs
  4 kobold brigands
  2 phantoms
  4 bullfrogs
  3 scorpions
  7 killer bees
  A howler monkey (D:5)
  3 centaur zombies
  3 hounds (D:5)
  2 jellies
  7 orc priests
  2 centaur skeletons
  10 iguanas
  9 orc wizards
  A killer bee zombie (D:6)
  A hound skeleton (D:4)
  A howler monkey zombie (D:6)
  4 gnolls (D:4)
  6 adders
  A white imp (D:6)
  A worm (D:5)
  A dart slug (D:2)
  35 orcs
  An endoplasm (D:2)
  5 giant cockroaches
  5 goblins
  7 hobgoblins
  6 quokkas
  3 ball pythons (D:2)
  2 bats
  6 frilled lizards
  8 kobolds
  3 rats
309 creatures vanquished.

Vanquished Creatures (others)
  A komodo dragon (D:8)
  6 yaks
  4 ice beasts
  A hound (D:5)
  2 frilled lizards (D:8)
  81 fungi
  86 plants
181 creatures vanquished.

Grand Total: 748 creatures vanquished

Notes
Turn   | Place    | Note
-------+----------+-------------------------------------------
     0 | D:1      | Bruhh the Gnoll Summoner began the quest for the Orb.
     0 | D:1      | Reached XP level 1. HP: 13/13 MP: 6/6
   138 | D:1      | Found a faded altar of an unknown god.
   485 | D:1      | Reached XP level 2. HP: 15/19 MP: 5/7
  1004 | D:1      | Learned a level 2 spell: Call Imp
  1548 | D:2      | Noticed Sigmund
  1923 | D:2      | Reached skill level 5 in Spellcasting
  1923 | D:2      | Reached XP level 3. HP: 25/25 MP: 7/9
  2123 | D:2      | Killed Sigmund
  2124 | D:2      | Reached skill level 1 in Fighting
  2124 | D:2      | Reached skill level 1 in Short Blades
  2124 | D:2      | Reached skill level 1 in Long Blades
  2124 | D:2      | Reached skill level 1 in Axes
  2124 | D:2      | Reached skill level 1 in Maces & Flails
  2124 | D:2      | Reached skill level 1 in Polearms
  2124 | D:2      | Reached skill level 1 in Staves
  2124 | D:2      | Reached skill level 1 in Slings
  2124 | D:2      | Reached skill level 1 in Bows
  2124 | D:2      | Reached skill level 1 in Crossbows
  2124 | D:2      | Reached skill level 1 in Throwing
  2124 | D:2      | Reached skill level 1 in Armour
  2124 | D:2      | Reached skill level 1 in Shields
  2124 | D:2      | Reached skill level 1 in Unarmed Combat
  2124 | D:2      | Reached skill level 1 in Conjurations
  2124 | D:2      | Reached skill level 1 in Hexes
  2124 | D:2      | Reached skill level 1 in Necromancy
  2124 | D:2      | Reached skill level 1 in Translocations
  2124 | D:2      | Reached skill level 1 in Transmutations
  2124 | D:2      | Reached skill level 1 in Fire Magic
  2124 | D:2      | Reached skill level 1 in Ice Magic
  2124 | D:2      | Reached skill level 1 in Air Magic
  2124 | D:2      | Reached skill level 1 in Earth Magic
  2124 | D:2      | Reached skill level 1 in Poison Magic
  2124 | D:2      | Reached skill level 1 in Invocations
  2124 | D:2      | Reached skill level 1 in Evocations
  2124 | D:2      | Reached XP level 4. HP: 32/32 MP: 7/11
  2124 | D:2      | Reached XP level 5. HP: 37/37 MP: 7/12
  2252 | D:2      | Learned a level 3 spell: Call Canine Familiar
  2256 | D:2      | Learned a level 3 spell: Summon Guardian Golem
  3067 | D:3      | Reached XP level 6. HP: 44/44 MP: 10/13
  3758 | D:4      | Found a staircase to the Ecumenical Temple.
  3763 | D:4      | Reached skill level 5 in Dodging
  3791 | Temple   | Entered the Ecumenical Temple
  4442 | Temple   | Became a worshipper of Ashenzari the Shackled
  4562 | D:4      | Reached XP level 7. HP: 46/50 MP: 7/15
  5951 | D:4      | Reached skill level 5 in Stealth
  6440 | D:5      | Entered Level 5 of the Dungeon
  6932 | D:5      | Reached XP level 8. HP: 57/57 MP: 14/16
  7715 | D:5      | Noticed a wyvern
  7953 | D:6      | Reached * piety under Ashenzari
  7953 | D:6      | Identified a scroll of acquirement
  7957 | D:6      | Acquired the Papyrus of Evil and Hexes
  7967 | D:6      | Learned a level 5 spell: Summon Mana Viper
  8094 | D:6      | Reached XP level 9. HP: 66/66 MP: 13/19
  8524 | D:6      | Found a large runed translucent door.
  8524 | D:6      | Found a large runed translucent door.
  8538 | D:6      | Noticed McKennaii's ghost (novice DgFi)
  8733 | D:6      | Found a runed translucent door.
  8734 | D:6      | Noticed Crazy Yiuf
  9364 | D:7      | Reached ** piety under Ashenzari
  9873 | D:8      | Learned a level 4 spell: Summon Lightning Spire
  9875 | D:8      | Noticed a two-headed ogre
  9883 | D:8      | Killed a two-headed ogre
  9884 | D:8      | Reached skill level 5 in Invocations
  9884 | D:8      | Reached XP level 10. HP: 76/76 MP: 17/22
  9972 | D:8      | Reached skill level 5 in Fighting
  9972 | D:8      | Reached skill level 5 in Short Blades
  9972 | D:8      | Reached skill level 5 in Long Blades
  9972 | D:8      | Reached skill level 5 in Axes
  9972 | D:8      | Reached skill level 5 in Maces & Flails
  9972 | D:8      | Reached skill level 5 in Polearms
  9972 | D:8      | Reached skill level 5 in Staves
  9972 | D:8      | Reached skill level 5 in Slings
  9972 | D:8      | Reached skill level 5 in Bows
  9972 | D:8      | Reached skill level 5 in Crossbows
  9972 | D:8      | Reached skill level 5 in Throwing
  9972 | D:8      | Reached skill level 5 in Armour
  9972 | D:8      | Reached skill level 5 in Shields
  9972 | D:8      | Reached skill level 5 in Unarmed Combat
  9972 | D:8      | Reached skill level 5 in Evocations
 10514 | D:8      | Found a staircase to the Lair.
 10514 | D:8      | Noticed an elephant
 10525 | D:8      | Killed an elephant
 12102 | D:8      | Reached XP level 11. HP: 84/84 MP: 6/24
 12356 | Lair:1   | Entered Level 1 of the Lair of Beasts
 12438 | D:8      | Reached skill level 5 in Conjurations
 12438 | D:8      | Reached skill level 5 in Hexes
 12438 | D:8      | Reached skill level 5 in Necromancy
 12438 | D:8      | Reached skill level 5 in Translocations
 12438 | D:8      | Reached skill level 5 in Transmutations
 12438 | D:8      | Reached skill level 5 in Fire Magic
 12438 | D:8      | Reached skill level 5 in Ice Magic
 12438 | D:8      | Reached skill level 5 in Air Magic
 12438 | D:8      | Reached skill level 5 in Earth Magic
 12438 | D:8      | Reached skill level 5 in Poison Magic
 12743 | Lair:1   | Learned a level 4 spell: Animate Dead
 14244 | Lair:2   | Noticed an eight-headed hydra
 14486 | Lair:2   | Noticed a seven-headed hydra
 14495 | Lair:2   | Killed a seven-headed hydra
 15027 | Lair:1   | Gained mutation: Your body sometimes deteriorates upon
                  | taking damage. [potion of mutation]
 15117 | Lair:2   | Reached *** piety under Ashenzari
 15436 | Lair:2   | Reached XP level 12. HP: 86/94 MP: 11/26
 15678 | Lair:2   | Found a hole to the Spider Nest.
 15833 | Lair:2   | Killed an eight-headed hydra
 17728 | Lair:3   | Noticed a four-headed hydra
 17738 | Lair:3   | Killed a four-headed hydra
 17775 | Lair:3   | Identified the amulet "Menyunesoxo" {Reflect Int+6 SH+5}
 17988 | Lair:3   | Reached XP level 13. HP: 101/101 MP: 23/28
 18282 | Lair:3   | Reached **** piety under Ashenzari
 18483 | Lair:3   | Found a staircase to the Shoals.
 18737 | Lair:4   | Identified the ring of Salvation {*Corrode rElec rPois rF+
                  | Dex+7}
 19090 | Lair:4   | Identified the ring of Gayhaen {rC+ Int+3}
 19245 | Lair:4   | Learned a level 5 spell: Freezing Cloud
 19868 | Lair:5   | Reached skill level 10 in Summonings
 21106 | Lair:5   | Reached skill level 10 in Spellcasting
 21349 | Lair:5   | Noticed Sonja
 21352 | Lair:5   | Killed Sonja
 21473 | Lair:6   | Entered Level 6 of the Lair of Beasts
 21811 | Lair:6   | Reached ***** piety under Ashenzari
 21986 | Lair:6   | Reached skill level 10 in Dodging
 22009 | Lair:6   | Reached XP level 14. HP: 114/114 MP: 31/31
 22326 | Lair:6   | Reached skill level 10 in Stealth
 22388 | Lair:6   | Reached skill level 10 in Invocations
 22866 | Lair:6   | Noticed a dire elephant
 22882 | Lair:6   | Killed a dire elephant
 23149 | Lair:6   | Identified the amulet "Faahi" {Faith +Blink MP-9 Int+5
                  | Dex+4}
 23154 | Lair:6   | Found the +4 moon troll leather armour {Spirit, Regen++
                  | MP+5}
 23389 | Lair:6   | Noticed Josephine
 23405 | Lair:6   | Killed Josephine
 23670 | Lair:6   | Noticed Nessos
 23683 | Lair:6   | Killed Nessos
 23888 | Lair:6   | Found a staircase to the Slime Pits.
 23902 | Lair:6   | Found a viscous altar of Jiyva.
 24780 | D:9      | Noticed an angel
 24781 | D:9      | Found a glowing silver altar of Zin.
 24921 | D:10     | Entered Level 10 of the Dungeon
 24987 | D:10     | Found a staircase to the Orcish Mines.
 25161 | D:10     | Noticed Joseph
 25182 | D:10     | Killed Joseph
 25193 | D:10     | Found Zecruerr's Gadget Gallery.
 25606 | D:10     | Noticed Urug
 25610 | D:10     | Killed Urug
 25690 | D:10     | Found an ancient bone altar of Kikubaaqudgha.
 25975 | Orc:1    | Entered Level 1 of the Orcish Mines
 26434 | Orc:2    | Entered Level 2 of the Orcish Mines
 26769 | Orc:2    | Found Digoro Wiff's Antique Weapon Boutique.
 26863 | Orc:2    | Reached XP level 15. HP: 115/122 MP: 17/32
 26864 | Orc:2    | Noticed an orc warlord
 26893 | Orc:2    | Killed an orc warlord
 27217 | Orc:2    | Found a staircase to the Elven Halls.
 27299 | Orc:2    | Gained mutation: You are dopey. (Int -2) [a neqoxec]
 27470 | Orc:2    | Found Onlirar's Antique Weapon Shoppe.
 27584 | Orc:2    | Noticed an orc warlord
 27737 | Orc:2    | Killed an orc warlord
 27873 | Orc:1    | Reached skill level 10 in Fighting
 27873 | Orc:1    | Reached skill level 10 in Short Blades
 27873 | Orc:1    | Reached skill level 10 in Long Blades
 27873 | Orc:1    | Reached skill level 10 in Axes
 27873 | Orc:1    | Reached skill level 10 in Maces & Flails
 27873 | Orc:1    | Reached skill level 10 in Polearms
 27873 | Orc:1    | Reached skill level 10 in Staves
 27873 | Orc:1    | Reached skill level 10 in Slings
 27873 | Orc:1    | Reached skill level 10 in Bows
 27873 | Orc:1    | Reached skill level 10 in Crossbows
 27873 | Orc:1    | Reached skill level 10 in Throwing
 27873 | Orc:1    | Reached skill level 10 in Armour
 27873 | Orc:1    | Reached skill level 10 in Shields
 27873 | Orc:1    | Reached skill level 10 in Unarmed Combat
 27873 | Orc:1    | Reached skill level 10 in Evocations
 28099 | Orc:2    | Noticed Nergalle
 28283 | Orc:2    | Found Reib's Antique Armour Shoppe.
 28476 | Orc:2    | Paralysed by an orc sorcerer for 6 turns
 28505 | Orc:2    | Killed Nergalle
 28936 | Orc:2    | Found Ipon's General Store.
 28999 | Orc:2    | Found Pab Nudo's Jewellery Shoppe.
 29082 | Elf:1    | Entered Level 1 of the Elven Halls
 29990 | Elf:1    | Found Vul Zophy's Jewellery Shoppe.
 29990 | Elf:1    | Found Alowucotz's Book Shop.
 29991 | Elf:1    | Found Eresm's Book Shop.
 30006 | Elf:1    | Bought a book of Alchemy for 420 gold pieces
 30006 | Elf:1    | Bought a book of Sloth for 540 gold pieces
 30010 | Elf:1    | Bought a book of Iron for 540 gold pieces
 30020 | Elf:1    | Learned a level 5 spell: Irradiate
 30027 | Elf:1    | Learned a level 6 spell: Iron Shot
 30038 | Elf:1    | Learned a level 6 spell: Statue Form
 30449 | Elf:1    | Identified the cursed +2 pair of boots of the Bound Oracle
                  | {Alch, Comp} (You found it on level 1 of the Lair of
                  | Beasts)
 30449 | Elf:1    | HP: 5/124 [deep elf archer/arrow (20)]
 30449 | Elf:1    | Shot with an arrow by a deep elf archer

Illustrated notes

Levels and vault maps discovered:
D:1:      minmay_arrival_pointy, layout_loops_ring,
          hellmonk_ecumenical_altar_crossroads, palyth_stone_intersect,
          amcnicky_mini_rare_corridor_liquid, grunt_decor_mini_mirrors
D:2:      layout_basic, uniq_sigmund
D:3:      layout_basic, nrook_loot_triangle
D:4:      layout_basic, minmay_temple_entry_wispy, chequers_avenue,
          chequers_serial_rivers_room_a, dk_noncrumbling_3
D:5:      minmay_octagon_keep, layout_basic, uniq_edmund
D:6:      layout_basic, ebering_ghost_disaster_area, hangedman_decor_growths,
          nicolae_water_bricks, minmay_misc_feat_alley, uniq_crazy_yiuf_cottage
D:7:      layout_cave_pools
D:8:      layout_layer_cave, david_lair_generic, grunt_ministairs_5,
          minmay_lizard_king
D:9:      layout_cave_pools, zin_angel
D:10:     layout_basic, lemuel_coloured_pillars_altar, erik_orc_4,
          nicolae_shop_gadgets, uniq_urug, uniq_joseph
D:11:     layout_cross, minmay_shop_chei, xom_confusion_cloud
Temple:   mainiacjoe_temple_big_plus
Lair:1:   layout_loops_ring, minivault_19, grunt_megastairs_3
Lair:2:   layout_chaotic_city, spider_nest_entry_a, bobbens_dragon_lair_wall
Lair:3:   layout_misc_corridors, elwin_shoals_entry_stream,
          nicolae_volcano_entry_hallway
Lair:4:   layout_cave_pods
Lair:5:   layout_cave_pods, uniq_sonja
Lair:6:   grunt_lair_end_beastmaster, layout_regular_city, slime_altar_1,
          uniq_josephine, uniq_nessos
Orc:1:    layout_diamond_mine, basic_altar
Orc:2:    grunt_orc_cross, layout_caves, serial_shops, shop,
          nicolae_orc_rockfall
Elf:1:    layout_geoelf_octagon, serial_shops, shop, ebering_ghost_gozag,
          hangedman_corner_corridor, lemuel_upstairs_altar, minmay_shop_grove

Skill      XL: |  1  2  3  4  5  6  7  8  9 10 11 12 13 14 15 |
---------------+----------------------------------------------+-----
Spellcasting   | 5 6 7 8 9 10 11 | 11.4
Fighting       | 1 2 3 4 5 6 7 8 9 10 | 10.3
Short Blades   | 1 2 3 4 5 6 7 8 9 10 | 10.3
Long Blades    | 1 2 3 4 5 6 7 8 9 10 | 10.3
Axes           | 1 2 3 4 5 6 7 8 9 10 | 10.3
Maces & Flails | 1 2 3 4 5 6 7 8 9 10 | 10.3
Polearms       | 1 2 3 4 5 6 7 8 9 10 | 10.3
Staves         | 1 2 3 4 5 6 7 8 9 10 | 10.3
Slings         | 1 2 3 4 5 6 7 8 9 10 | 10.3
Bows           | 1 2 3 4 5 6 7 8 9 10 | 10.3
Crossbows      | 1 2 3 4 5 6 7 8 9 10 | 10.3
Throwing       | 1 2 3 4 5 6 7 8 9 10 | 10.3
Armour         | 1 2 3 4 5 6 7 8 9 10 | 10.3
Shields        | 1 2 3 4 5 6 7 8 9 10 | 10.3
Unarmed Combat | 1 2 3 4 5 6 7 8 9 10 | 10.3
Conjurations   | 1 2 3 4 5 6 7 8 |  8.6
Hexes          | 1 2 3 4 5 6 7 8 |  8.6
Necromancy     | 1 2 3 4 5 6 7 8 |  8.6
Translocations | 1 2 3 4 5 6 7 8 |  8.6
Transmutations | 1 2 3 4 5 6 7 8 |  8.6
Fire Magic     | 1 2 3 4 5 6 7 8 |  8.6
Ice Magic      | 1 2 3 4 5 6 7 8 |  8.6
Air Magic      | 1 2 3 4 5 6 7 8 |  8.6
Earth Magic    | 1 2 3 4 5 6 7 8 |  8.6
Poison Magic   | 1 2 3 4 5 6 7 8 |  8.6
Invocations    | 1 2 3 4 5 6 7 8 9 10 11 | 11.2
Evocations     | 1 2 3 4 5 6 7 8 9 10 | 10.3
Dodging        | 5 6 7 8 9 10 11 | 11.2
Stealth        | 5 6 7 8 9 10 11 | 11.1
Summonings     | 8 9 10 11 | 11.2

Action                   |  1- 3 |  4- 6 |  7- 9 | 10-12 | 13-15 || total
-------------------------+-------+-------+-------+-------+-------++-------
Melee: Unarmed           |    39 |    17 |       |       |       ||    56
       Bite              |     4 |       |     6 |    43 |   104 ||   157
       Punch             |     1 |       |       |    19 |    20 ||    40
       Dagger            |       |       |    55 |   204 |   149 ||   408
       Lajatang          |       |       |       |       |   480 ||   480
 Cast: Summon Small Mamm |    40 |    40 |    60 |    12 |    11 ||   163
       Call Imp          |     3 |    12 |    25 |    11 |       ||    51
       Call Canine Famil |       |     9 |    35 |    33 |       ||    77
       Summon Guardian G |       |     1 |    14 |     7 |     3 ||    25
       Summon Mana Viper |       |       |    13 |    64 |    41 ||   118
       Summon Lightning  |       |       |       |    16 |    41 ||    57
       Animate Dead      |       |       |       |     3 |    10 ||    13
       Freezing Cloud    |       |       |       |       |    81 ||    81
       Iron Shot         |       |       |       |       |    12 ||    12
       Statue Form       |       |       |       |       |     1 ||     1
       Irradiate         |       |       |       |       |     1 ||     1
Invok: Curse Item        |       |       |     3 |     2 |     4 ||     9
       Shatter the Chain |       |       |       |       |     3 ||     3
Evoke: Wand              |       |       |       |     1 |     1 ||     2
  Use: Scroll            |       |       |     1 |     1 |    11 ||    13
       Potion            |       |       |       |     4 |     2 ||     6
 Stab: Sleeping          |       |       |     1 |     1 |    12 ||    14
       Distracted        |       |       |     1 |     2 |     3 ||     6
Armor: Robe              |     9 |     5 |    17 |       |       ||    31
       Steam dragon scal |       |       |       |    28 |       ||    28
       Acid dragon scale |       |       |       |    32 |    75 ||   107
       Troll leather arm |       |       |       |       |   108 ||   108
       Skin              |       |       |       |       |    14 ||    14
Dodge: Dodged            |    45 |    26 |    42 |   176 |   516 ||   805
Block: Other             |       |       |       |       |   172 ||   172
       Reflection        |       |       |       |       |     8 ||     8
